 Dungeon Crawl Stone Soup version 0.25-a0-668-gea548f19b6 (webtiles) character file.

Game seed: 4532903373602894820, levelgen mode: deterministic

64176 Kohma the Unseen (level 15, -7/96 HPs)
             Began as a Kobold Hunter on Mar 28, 2020.
             Was a High Priest of Dithmenos.
             Mangled by a stone giant (12 damage)
             ... on level 11 of the Dungeon.
             The game lasted 01:51:09 (29219 turns).

Kohma the Unseen (Kobold Hunter)                   Turns: 29219, Time: 01:51:10

Health: -7/96      AC: 19    Str: 10    XL:     15   Next: 53%
Magic:  22/22      EV: 28    Int: 20    God:    Dithmenos [*****.]
Gold:   1140       SH:  8    Dex: 17    Spells: 11/20 levels left

rFire    . . .     SeeInvis .   u - +1 dagger (elec)
rCold    . . .     Gourm    .   t - +1 buckler {AC+3}
rNeg     . . .     Faith    .   H - +0 troll leather armour
rPois    .         Spirit   .   C - +2 helmet {Int+3}
rElec    .         Reflect  .   v - +0 cloak
rCorr    .         Harm     .   U - +0 pair of gloves
MR       +....                  q - +1 pair of boots
Stlth    +++++++++.             E - amulet of regeneration
HPRegen  1.06/turn              Q - +4 ring of protection
MPRegen  0.18/turn              b - +5 ring of evasion

@: wreathed by umbra
A: small, carnivore
a: Shadow Step, Shadow Form, Renounce Religion


You were on level 11 of the Dungeon.
You worshipped Dithmenos.
Dithmenos was extremely pleased with you.
You were completely stuffed.

You visited 3 branches of the dungeon, and saw 18 of its levels.

You collected 1289 gold pieces.
You spent 149 gold pieces at shops.

Inventory:

Hand Weapons
 a - a +2 hand crossbow of venom
 u - a +1 dagger of electrocution (weapon)
Missiles
 d - 12 bolts
 B - 18 poisoned darts (quivered)
 P - 3 datura-tipped darts
Armour
 q - a +1 pair of boots (worn)
 t - a +1 buckler of protection (worn)
 v - a +0 cloak (worn)
 C - a +2 helmet of intelligence (worn)
 H - a +0 troll leather armour (worn)
 K - a +2 robe of magic resistance
 R - a +0 buckler of poison resistance
 U - a +0 pair of gloves (worn)
Jewellery
 b - a +5 ring of evasion (right hand)
 k - an uncursed ring of ice
 m - the ring "Pettujeont" {*Tele MR+ Str+4}
   (You found it on level 2 of the Lair of Beasts)

   [ring of teleportation]

   It may teleport you next to monsters.
   It affects your strength (+4).
   It affects your resistance to hostile enchantments.
 E - an amulet of regeneration (around neck)
 M - an uncursed ring of positive energy
 Q - a +4 ring of protection (left hand)
Wands
 r - a wand of enslavement (1)
 L - a wand of acid (2)
 N - a wand of flame (31)
Scrolls
 g - 8 scrolls of teleportation
 x - 8 scrolls of identify
 y - a scroll of enchant armour
 F - 10 scrolls of remove curse
 G - 3 scrolls of magic mapping
 I - a scroll of fear
 O - 2 scrolls of immolation
 S - a scroll of fog
Potions
 c - 4 potions of heal wounds
 e - 2 potions of cancellation
 h - 3 potions of magic
 i - 2 potions of haste
 j - 2 potions of resistance
 l - 4 potions of flight
 n - a potion of invisibility
 o - 2 potions of mutation
 z - a potion of ambrosia
 A - 3 potions of lignification
 D - a potion of brilliance
 J - 3 potions of curing
Comestibles
 f - 46 rations
 p - 12 chunks of flesh


   Skills:
 - Level 12.0 Fighting
 - Level 10.0 Short Blades
 - Level 10.0 Crossbows
 - Level 3.5 Armour
 - Level 12.0 Dodging
 - Level 15.1 Stealth
 - Level 5.6 Shields
 - Level 3.0 Spellcasting
 * Level 5.7 Summonings
 + Level 2.3 Necromancy
 * Level 5.9 Translocations
 - Level 10.0 Invocations
 - Level 5.0 Evocations


You had 11 spell levels left.
You knew the following spells:

 Your Spells              Type           Power        Failure   Level  Hunger
a - Summon Forest         Summ/Tloc      ####......   43%         5    ######.
b - Portal Projectile     Hex/Tloc       ##....       17%         3    ###....
c - Animate Skeleton      Necr           N/A          8%          1    None

Your spell library contained the following spells:

 Spells                   Type           Power        Failure   Level  Hunger
 Pain                     Necr           ##..         8%          1    None
 Corona                   Hex            #......      19%         1    None
 Shock                    Conj/Air       #...         19%         1    None
 Corpse Rot               Necr/Air       N/A          19%         2    ##.....
 Vampiric Draining        Necr           ##........   22%         3    ###....
 Slow                     Hex            #.......     28%         2    ##.....
 Swiftness                Chrm/Air       #.......     28%         2    ##.....
 Inner Flame              Hex/Fire       #.......     50%         3    ###....
 Static Discharge         Conj/Air       #.......     50%         3    ###....
 Stone Arrow              Conj/Erth      #.....       50%         3    ###....
 Animate Dead             Necr           N/A          58%         4    ####...
 Airstrike                Air            #.........   88%         4    ####...
 Cause Fear               Hex            #.........   88%         4    ####...
 Leda's Liquefaction      Hex/Erth       #.........   88%         4    ####...
 Agony                    Necr           ##......     90%         5    ######.
 Bolt of Magma            Conj/Fire/Erth #.........   99%         5    ######.
 Lightning Bolt           Conj/Air       #.........   99%         5    ######.
 Silence                  Hex/Air        #.........   99%         5    ######.
 Yara's Violent Unravell  Hex/Tmut       #.........   99%         5    ######.
 Deflect Missiles         Chrm/Air       #.........   100%        6    #######
 Eringya's Noxious Bog    Tmut/Pois      #.........   100%        6    #######
 Hydra Form               Tmut           #.........   100%        6    #######
 Iron Shot                Conj/Erth      #.........   100%        6    #######
 Statue Form              Tmut/Erth      #........    100%        6    #######
 Summon Hydra             Summ           ####......   100%        7    #######
 Discord                  Hex            #.........   100%        8    #######
 Shatter                  Erth           #.........   100%        9    #######


Dungeon Overview and Level Annotations

Branches:
Dungeon (11/15)            Temple (1/1) D:7            Lair (6/6) D:10
  Swamp (0/4) Lair:2        Snake (0/4) Lair:3        Slime (0/5) Lair:6
    Orc: D:9-12

Altars:
Ashenzari
Cheibriados
Dithmenos
Elyvilon
Fedhas
Gozag
Hepliaklqana
Kikubaaqudgha
Makhleb
Nemelex Xobeh
Okawaru
Qazlal
Ru
Sif Muna
Trog
Uskayaw
Vehumet
Wu Jian
Xom
Yredelemnul
Zin
The Shining One
Jiyva

Shops:
D:6 [   D:10 *   D:11 [

Annotations:
D:10 3 runed translucent doors, exclusion: 3 doors, Zorot's ghost, journeyman FoFi


Innate Abilities, Weirdness & Mutations

You are small and have problems with some larger weapons.
You are carnivorous and can eat meat at any time.


Message History

The stone giant is severely wounded.
You hit the stone giant but do no damage.
The stone giant is severely wounded.
The stone giant closely misses you.
You hit the stone giant but do no damage.
The stone giant is severely wounded.
You hit the stone giant but do no damage.
Lightning courses through the stone giant!
The stone giant is severely wounded.
Your shadow hits the stone giant but does no damage.
The stone giant hits you!!
* * * LOW HITPOINT WARNING * * *
Your troll leather armour prevents you from hitting the stone giant.
The stone giant is severely wounded.
You hit the stone giant.
Lightning courses through the stone giant!
The stone giant is almost dead.
Your shadow hits the stone giant but does no damage.
The stone giant hits you!
You die...

..#................# ##...##...
..#...............#.# #...#.###
..#...............### #.####..#
..#.................# # #.#%..###
.##.#######.........###.######..Z
.#..#.....#...........#}#|....###
.#..#.....#.......#############..
.#..'.....#...#####....)#|#......
.#..#.....#...#C@§§######.###....
.##.#######...#####..)#.#.#.#....
..#.......).....#..####.#.#.###..
###......##.###.###.#...#.#.#.#.)
≈≈≈≈≈....#....#....##...##)#.#..)
≈...≈≈...#)..)...........#.#.#..)
...°.≈...#....#..........#.###...
.○_..≈...######(.........#.#.....
...°.≈...................###.....


You could see a stone giant.

Vanquished Creatures
  Rupert (Lair:6)
  A storm dragon (D:11)
  A frost giant (D:11)
  Snorg (D:11)
  A fire dragon (Lair:6)
  Erolcha (D:10)
  8 hydras
  3 two-headed ogres (D:11)
  A swamp dragon (Lair:6)
  Pikel (D:6)
  An ugly thing (D:10)
  17 elephants
  An oklob plant (Lair:6)
  8 black mambas
  A gargoyle (D:11)
  Maggie (D:6)
  5 spiny frogs
  5 rime drakes
  6 komodo dragons
  8 polar bears (Lair:6)
  2 trolls (D:11)
  A tyrant leech (Lair:2)
  Grinder (D:6)
  2 hornets
  17 blink frogs
  4 hippogriffs
  5 wyverns
  Sigmund (D:3)
  A wraith (D:11)
  63 yaks
  A shadow (D:11)
  6 basilisks
  6 hogs
  3 steam dragons (Lair:6)
  4 wargs (Lair:6)
  A hungry ghost (D:8)
  Edmund (D:5)
  2 nagas (Lair:3)
  2 soldier ants (D:8)
  An acid dragon (D:10)
  11 water moccasins
  12 hell hounds (Lair:6)
  11 porcupines
  12 black bears
  5 orc warriors
  2 phantoms
  4 ogres
  A sky beast (D:9)
  An eye of draining (D:11)
  4 centaurs
  16 wolves
  6 crocodiles
  13 bullfrogs
  5 big kobolds
  A scorpion (D:5)
  A howler monkey (D:11)
  10 wights
  An electric eel (Lair:1)
  6 crimson imps
  A bullfrog zombie (D:11)
  Crazy Yiuf (D:4)
  2 centaur zombies
  6 hounds
  3 jellies
  A gnoll shaman (D:4)
  2 orc priests
  A bullfrog skeleton (D:11)
  2 centaur skeletons
  5 iguanas
  Natasha (thrice) (D:2)
  3 orc wizards
  11 worker ants
  2 hound zombies (D:11)
  2 worker ant zombies
  8 gnolls
  16 adders
  2 oozes
  2 adder skeletons
  An adder zombie (D:8)
  4 worms
  A dart slug (D:2)
  7 leopard geckos
  29 orcs
  3 ball pythons
  4 bats
  3 giant cockroaches
  14 goblins
  4 hobgoblins
  5 jackals
  28 kobolds
  6 quokkas
  3 frilled lizards
  A leopard gecko skeleton (D:6)
  A quokka skeleton (D:7)
  6 rats
  2 fungi
513 creatures vanquished.

Vanquished Creatures (collateral kills)
  Gastronok (D:11)
  Kirke (Lair:5)
  Fannar (Lair:1)
  A manticore (D:11)
  2 elephants (Lair:6)
  A spiny frog (Lair:1)
  A rime drake (Lair:3)
  2 komodo dragons
  A polar bear (Lair:6)
  A vampire (D:11)
  3 yaks
  2 wargs (Lair:6)
  2 hell hounds (Lair:6)
  A wolf (Lair:6)
  2 centaurs (D:11)
  A killer bee (D:11)
  3 wights (D:11)
  3 orcs (D:11)
29 creatures vanquished.

Vanquished Creatures (others)
  A black mamba (Lair:6)
  A spiny frog (Lair:4)
  4 yaks (Lair:3)
  A hell hound (Lair:6)
  A black bear (D:11)
  An ogre (D:11)
  A slave (D:6)
  A hound (D:11)
  An adder (D:11)
  An orc (D:11)
  A quokka skeleton (D:6)
  3 bushes (Lair:5)
  8 fungi
  22 plants
47 creatures vanquished.

Grand Total: 589 creatures vanquished

Notes
Turn   | Place    | Note
-------+----------+-------------------------------------------
     0 | D:1      | Kohma the Kobold Hunter began the quest for the Orb.
     0 | D:1      | Reached XP level 1. HP: 12/12 MP: 1/1
   221 | D:1      | Reached XP level 2. HP: 18/18 MP: 2/2
   251 | D:1      | Reached skill level 5 in Crossbows
   251 | D:1      | Reached skill level 2 in Stealth
   978 | D:1      | Reached XP level 3. HP: 22/22 MP: 3/3
  1103 | D:2      | Reached XP level 4. HP: 10/28 MP: 4/4
  1324 | D:1      | Reached skill level 3 in Stealth
  1651 | D:1      | Reached skill level 1 in Short Blades
  2008 | D:2      | Reached XP level 5. HP: 32/32 MP: 5/5
  2042 | D:2      | Noticed Natasha
  2049 | D:2      | Killed Natasha
  2091 | D:2      | Noticed an orc warrior
  2116 | D:2      | Reached skill level 4 in Stealth
  2126 | D:2      | Killed an orc warrior
  2126 | D:2      | Reached XP level 6. HP: 17/37 MP: 6/6
  2604 | D:2      | Noticed Natasha
  2612 | D:2      | Killed Natasha
  2617 | D:2      | Reached skill level 5 in Stealth
  3049 | D:2      | Noticed Natasha
  3055 | D:2      | Killed Natasha
  3445 | D:3      | Noticed Sigmund
  3451 | D:3      | Reached XP level 7. HP: 41/41 MP: 7/7
  3476 | D:3      | Killed Sigmund
  3476 | D:3      | Reached skill level 6 in Stealth
  3592 | D:3      | Found a radiant altar of Vehumet.
  3940 | D:4      | Found a burning altar of Makhleb.
  3940 | D:4      | Found a shimmering altar of Xom.
  4161 | D:4      | Found a runed translucent door.
  4162 | D:4      | Noticed Crazy Yiuf
  4173 | D:4      | Killed Crazy Yiuf
  4173 | D:4      | Reached skill level 5 in Short Blades
  4307 | D:5      | Entered Level 5 of the Dungeon
  4488 | D:5      | Found a glowing golden altar of the Shining One.
  4496 | D:5      | Found a shattered altar of Ashenzari.
  4574 | D:5      | Reached XP level 8. HP: 33/46 MP: 8/8
  4601 | D:5      | Noticed Edmund
  4778 | D:5      | Reached skill level 7 in Stealth
  4938 | D:5      | Killed Edmund
  5383 | D:6      | Noticed Grinder
  5573 | D:4      | Reached skill level 8 in Stealth
  5952 | D:6      | Found Vememug's Armour Emporium.
  5952 | D:6      | Noticed Maggie
  5974 | D:6      | Killed Maggie
  5974 | D:6      | Reached skill level 9 in Stealth
  5974 | D:6      | Reached XP level 9. HP: 38/50 MP: 9/9
  6042 | D:6      | Bought a +1 pair of boots for 149 gold pieces
  6058 | D:6      | Noticed Pikel
  6089 | D:6      | Killed Pikel
  6660 | D:6      | Killed Grinder
  6847 | D:6      | Reached skill level 10 in Stealth
  7086 | D:7      | Found an ancient bone altar of Kikubaaqudgha.
  7090 | D:7      | Found an ornate altar of the Wu Jian Council.
  7206 | D:7      | Reached skill level 10 in Crossbows
  7780 | D:7      | Reached skill level 10 in Short Blades
  7780 | D:7      | Reached XP level 10. HP: 56/56 MP: 10/10
  7820 | D:7      | Found a staircase to the Ecumenical Temple.
  7825 | Temple   | Entered the Ecumenical Temple
  7876 | Temple   | Became a worshipper of Dithmenos the Shadowed
  8214 | D:7      | Found a hazy altar of Hepliaklqana.
  8281 | D:7      | Found a snail-covered altar of Cheibriados.
  8499 | D:8      | Found a sparkling altar of Nemelex Xobeh.
  8500 | D:8      | Found an opulent altar of Gozag.
  8555 | D:8      | Reached skill level 1 in Shields
  8833 | D:8      | Reached skill level 5 in Dodging
  8911 | D:8      | Identified a scroll of acquirement
  9219 | D:8      | Reached skill level 5 in Fighting
  9936 | D:9      | Reached * piety under Dithmenos
 11623 | D:10     | Entered Level 10 of the Dungeon
 11623 | D:10     | Noticed Erolcha
 11675 | D:10     | Reached XP level 11. HP: 60/64 MP: 11/11
 12032 | D:10     | Killed Erolcha
 12240 | D:10     | Reached skill level 5 in Shields
 12433 | D:10     | Reached ** piety under Dithmenos
 12575 | D:10     | Found a runed translucent gate.
 12576 | D:10     | Found a runed translucent gate.
 12577 | D:10     | Found a runed translucent gate.
 12577 | D:10     | Noticed Zorot's ghost (journeyman FoFi)
 12578 | D:10     | Found an opulent altar of Gozag.
 12578 | D:10     | Noticed a cyan ugly thing
 12579 | D:10     | Noticed a deep troll earth mage
 12580 | D:10     | Found Atrepn's Assorted Antiques.
 12996 | D:10     | Learned a level 2 spell: Swiftness
 13030 | D:10     | Found a staircase to the Lair.
 13041 | Lair:1   | Entered Level 1 of the Lair of Beasts
 13112 | Lair:1   | HP: 2/68 [black mamba (14)]
 13196 | Lair:1   | Noticed a six-headed hydra
 13240 | Lair:1   | Killed a six-headed hydra
 13467 | Lair:1   | Reached XP level 12. HP: 65/76 MP: 12/12
 13864 | Lair:1   | Noticed Fannar
 13884 | Lair:1   | Killed Fannar
 13884 | Lair:1   | Reached skill level 10 in Dodging
 13884 | Lair:1   | Reached skill level 1 in Evocations
 13910 | Lair:1   | Reached skill level 1 in Invocations
 14445 | Lair:2   | Reached skill level 10 in Fighting
 14561 | Lair:2   | Got a brightly glowing amber ring
 14565 | Lair:2   | Found a staircase to the Swamp.
 15181 | Lair:3   | Reached skill level 1 in Armour
 15503 | Lair:3   | Reached *** piety under Dithmenos
 15875 | Lair:3   | Noticed a four-headed hydra
 16187 | D:11     | Noticed a two-headed ogre
 16192 | D:11     | Noticed a two-headed ogre
 16209 | D:11     | Killed a two-headed ogre
 16239 | D:11     | Killed a two-headed ogre
 16239 | D:11     | Reached skill level 11 in Stealth
 16239 | D:11     | Reached skill level 5 in Evocations
 16336 | D:11     | Identified the ring "Pettujeont" {*Tele MR+ Str+4} (You
                  | found it on level 2 of the Lair of Beasts)
 16520 | D:11     | Found Wasaoc's Antique Armour Emporium.
 16532 | D:11     | Noticed a seven-headed hydra
 16817 | Lair:2   | Reached skill level 5 in Invocations
 16817 | Lair:2   | Reached XP level 13. HP: 33/82 MP: 16/16
 16951 | Lair:3   | Killed a four-headed hydra
 17439 | Lair:3   | Found a staircase to the Snake Pit.
 17556 | Lair:3   | Reached skill level 12 in Stealth
 18426 | Lair:4   | You fall into a shaft and drop 2 floors!
 18426 | Lair:6   | Entered Level 6 of the Lair of Beasts
 18701 | Lair:4   | Reached skill level 13 in Stealth
 20424 | Lair:4   | Reached skill level 14 in Stealth
 20653 | Lair:5   | Reached **** piety under Dithmenos
 20696 | Lair:5   | Reached XP level 14. HP: 57/88 MP: 20/20
 21262 | Lair:5   | Noticed Kirke
 22267 | Lair:5   | Killed Kirke
 22791 | Lair:6   | Noticed Rupert
 22818 | Lair:6   | Killed Rupert
 22818 | Lair:6   | Reached skill level 15 in Stealth
 22818 | Lair:6   | Reached skill level 10 in Invocations
 23038 | Lair:6   | Found a viscous altar of Jiyva.
 23038 | Lair:6   | Found a staircase to the Slime Pits.
 23644 | Lair:5   | Learned a level 5 spell: Summon Forest
 23925 | Lair:6   | Reached skill level 1 in Summonings
 23925 | Lair:6   | Reached skill level 1 in Translocations
 26348 | Lair:5   | Reached XP level 15. HP: 40/96 MP: 22/22
 26501 | Lair:5   | Reached skill level 1 in Spellcasting
 26688 | Lair:6   | Reached ***** piety under Dithmenos
 27445 | Lair:6   | Learned a level 3 spell: Portal Projectile
 28240 | D:11     | Learned a level 1 spell: Animate Skeleton
 28342 | D:11     | Found a shimmering altar of Xom.
 28700 | D:11     | Noticed Snorg
 28706 | D:11     | Killed Snorg
 28706 | D:11     | Reached skill level 1 in Necromancy
 28885 | D:11     | Noticed a storm dragon
 28887 | D:11     | Reached skill level 5 in Translocations
 28893 | D:11     | Killed a storm dragon
 28893 | D:11     | Reached skill level 5 in Summonings
 29035 | D:11     | Noticed Gastronok
 29052 | D:11     | Killed Gastronok
 29139 | D:11     | Noticed a frost giant
 29160 | D:11     | Killed a frost giant
 29195 | D:11     | Noticed a stone giant
 29217 | D:11     | HP: 4/96 [stone giant (29)]
 29219 | D:11     | Mangled by a stone giant

Levels and vault maps discovered:
D:1:      roderic_crossed_star, layout_basic
D:2:      layout_rooms, minmay_tromino_v7, uniq_natasha
D:3:      layout_rooms, vehumet_crystals, kennysheep_generic_room_11,
          uniq_sigmund
D:4:      layout_gridville, grunt_temple_overflow_champion_of_chaos,
          kennysheep_small_spiral, uniq_crazy_yiuf_cottage
D:5:      layout_cave_pods, minitemple, first_ration, uniq_edmund
D:6:      layout_cave_pools, serial_shops, nicolae_shop_statue_plus,
          minmay_crystal_room, uniq_maggie, uniq_grinder, uniq_pikel
D:7:      layout_basic, nicolae_overflow_hidden_temple,
          minmay_temple_entry_nine_rooms, cheibrodos_worm_habitat
D:8:      layout_basic, grunt_temple_overflow_opulence,
          hangedman_pestilent_swarm, kennysheep_generic_room_10
D:9:      layout_irregular_city
D:10:     layout_roguey, erik_lair_dragon, ebering_ghost_gozag, uniq_erolcha
D:11:     minmay_chopped_fan, layout_irregular_city, serial_shops, shop,
          xom_confusion_cloud, uniq_gastronok, uniq_snorg
Temple:   minmay_temple_bridge_abc
Lair:1:   layout_regular_city, serial_bayou, serial_bayou_ford_a,
          serial_bayou_lagoon_a, serial_bayou_shore_a, serial_bayou_pond_c,
          uniq_fannar
Lair:2:   layout_chaotic_city, minmay_swamp_entry_worms,
          grunt_forest_small_clearings, eino_small_chamber_without_monster,
          grunt_megastairs_4
Lair:3:   layout_roguey, guppyfry_snake_entry_island, lemuel_fruit_tree
Lair:4:   layout_gridlike
Lair:5:   beast_lair_carwin_large_4, layout_gridlike, zaba_anthole, uniq_kirke
Lair:6:   hangedman_lair_caniforms_friends, layout_regular_city,
          guppyfry_lair_end_dragon, dpeg_slime_entry_enclosed_altar,
          infiniplex_staircase_pool, serial_bayou_shore_b, uniq_rupert

Skill      XL: |  1  2  3  4  5  6  7  8  9 10 11 12 13 14 15 |
---------------+----------------------------------------------+-----
Crossbows      | 5 6 7 9 10 | 10.0
Stealth        | 2 3 4 5 6 9 10 11 14 15 | 15.1
Dodging        | 3 6 9 10 12 | 12.0
Fighting       | 3 6 9 10 11 12 | 12.0
Short Blades   | 1 3 5 7 10 | 10.0
Shields        | 3 5 |  5.6
Evocations     | 5 |  5.0
Invocations    | 5 8 10 | 10.0
Armour         | 3 |  3.5
Summonings     | 3 5 |  5.7
Translocations | 3 5 |  5.9
Spellcasting   | 3 |  3.0
Necromancy     | 2 |  2.3

Action                   |  1- 3 |  4- 6 |  7- 9 | 10-12 | 13-15 || total
-------------------------+-------+-------+-------+-------+-------++-------
Melee: Short sword       |    78 |    81 |       |       |       ||   159
       Dagger            |       |    33 |   325 |  1319 |  3911 ||  5588
       Unarmed           |       |       |       |       |     1 ||     1
 Fire: Hand crossbow     |    18 |    62 |   115 |   134 |    44 ||   373
Throw: Dart              |       |       |     4 |   111 |    18 ||   133
 Cast: Animate Skeleton  |       |       |       |       |     5 ||     5
Invok: Shadow Step       |       |       |       |       |     1 ||     1
Evoke: Wand              |       |       |       |    31 |    34 ||    65
       Box of beasts     |       |       |       |     2 |     1 ||     3
  Use: Scroll            |       |     9 |    11 |    10 |     8 ||    38
       Potion            |       |       |     3 |     6 |     4 ||    13
 Stab: Sleeping          |       |     3 |     6 |    29 |    33 ||    71
       Distracted        |       |       |     1 |     1 |     1 ||     3
  Eat: Chunk             |     7 |     9 |    14 |    33 |    44 ||   107
Armor: Leather armour    |     4 |       |       |       |       ||     4
       Ring mail         |    15 |    25 |    46 |       |       ||    86
       Steam dragon scal |       |       |    18 |   122 |   507 ||   647
       Troll leather arm |       |       |       |       |   130 ||   130
Dodge: Dodged            |    76 |    80 |   159 |   675 |  3215 ||  4205
Block: Buckler           |       |     5 |    64 |   294 |  1291 ||  1654

Table legend:
 A = Non-vault XP
 B = Vault XP
 C = Vault XP percentage of total XP
 D = Non-vault monster count
 E = Vault monster count
 F = Vault count percentage of total count
                 A         B        C        D         E       F
            +---------+---------+-------+---------+---------+-------
      Total |   50156 |   41524 |  45.3 |     400 |     143 |  26.3
            +---------+---------+-------+---------+---------+-------
        D:1 |      59 |       0 |   0.0 |      20 |       0 |   0.0
        D:2 |     380 |      42 |  10.0 |      26 |       5 |  16.1
        D:3 |      40 |     233 |  85.3 |      17 |       2 |  10.5
        D:4 |     416 |      92 |  18.1 |      18 |       2 |  10.0
        D:5 |     437 |     173 |  28.4 |      15 |       1 |   6.2
        D:6 |     214 |    1138 |  84.2 |       5 |       3 |  37.5
        D:7 |     835 |       5 |   0.6 |      21 |       1 |   4.5
        D:8 |    1267 |     736 |  36.7 |      23 |       5 |  17.9
        D:9 |    1630 |       0 |   0.0 |      25 |       0 |   0.0
       D:10 |    3694 |    2378 |  39.2 |      33 |       7 |  17.5
       D:11 |    4895 |    9270 |  65.4 |      57 |      16 |  21.9
     Lair:1 |    4466 |     509 |  10.2 |      20 |       1 |   4.8
     Lair:2 |    1698 |     380 |  18.3 |       7 |       2 |  22.2
     Lair:3 |    8034 |     316 |   3.8 |      36 |       2 |   5.3
     Lair:4 |    5907 |    5848 |  49.7 |      27 |      15 |  35.7
     Lair:5 |   11054 |    3819 |  25.7 |      32 |       8 |  20.0
     Lair:6 |    5130 |   16585 |  76.4 |      18 |      73 |  80.2
            +---------+---------+-------+---------+---------+-------
